 Dungeon Crawl Stone Soup version 0.25-a0-992-gca090100c3 (webtiles) character file.

Game seed: 3798357018363778296, levelgen mode: deterministic

62688 Flugslaktarn the Severer (level 14, -10/133 HPs)
             Began as a Deep Dwarf Fighter on May 11, 2020.
             Was the Champion of Makhleb.
             Mangled by an Ice Fiend (27 damage)
             ... in an ice cave.
             The game lasted 00:12:07 (14644 turns).

Flugslaktarn the Severer (Deep Dwarf Fighter)      Turns: 14644, Time: 00:12:08

Health: -10/133    AC: 26    Str: 18    XL:     14   Next: 65%
Magic:  2/2        EV:  6    Int: 12    God:    Makhleb [******]
Gold:   89         SH: 13    Dex: 16    Spells: 13/13 levels left

rFire    + . .     SeeInvis .   a - +6 broad axe (vorpal)
rCold    . . .     Gourm    .   o - +0 kite shield "Zycis" {-Tele rCorr Str-3 Slay+5}
rNeg     + . .     Faith    .   i - +3 plate armour {MR+}
rPois    +         Spirit   .   (helmet restricted)
rElec    +         Reflect  .   b - +1 cloak
rCorr    +         Harm     .   (no gloves)
MR       +++++     NoTele   +   O - +2 pair of boots
Stlth    ..........             s - amulet "Wuug" {RegenMP rElec rPois Int+3}
HPRegen  0.00/turn              m - ring of protection from magic
MPRegen  0.33/turn              f - ring of protection from fire

@: non-regenerating
A: damage resistance, heal wounds, antennae 1, icy blue scales 1, magic
resistance 1, negative energy resistance 1, sense surroundings 2, no
regeneration
a: Heal Wounds, Minor Destruction, Lesser Servant of Makhleb, Major Destruction,
Greater Servant of Makhleb, Renounce Religion


You were in an ice cave.
You worshipped Makhleb.
Makhleb was exalted by your worship.
You were not hungry.

You visited 4 branches of the dungeon, and saw 20 of its levels.
You also visited: Ice Cave.

You collected 1076 gold pieces.
You spent 987 gold pieces at shops.

Inventory:

Hand Weapons
 a - a +6 vorpal broad axe (weapon)
   (You acquired it on level 1 of the Lair of Beasts)
Missiles
 F - 2 throwing nets (quivered)
Armour
 b - a +1 cloak (worn)
   (You found it on level 2 of the Lair of Beasts)
 c - a +0 kite shield
 i - a +3 plate armour of magic resistance (worn)
   (You bought it in a shop on level 5 of the Dungeon)
 o - the +0 kite shield "Zycis" (worn) {-Tele rCorr Str-3 Slay+5}
   (You bought it in a shop on level 5 of the Dungeon)

   It affects your strength (-3).
   It affects your accuracy and damage with ranged weapons and melee attacks
   (+5).
   It prevents most forms of teleportation.
   It provides partial protection from all sources of acid and corrosion.
 E - a +1 chain mail of fire resistance
   (You took it off Harold on level 9 of the Dungeon)
 L - a +0 helmet
   (You found it on level 3 of the Lair of Beasts)
 O - a +2 pair of boots (worn)
   (You found it on level 4 of the Lair of Beasts)
Jewellery
 f - a ring of protection from fire (right hand)
   (You found it on level 6 of the Lair of Beasts)
 k - an uncursed ring of resist corrosion
   (You found it on level 3 of the Lair of Beasts)
 m - a ring of protection from magic (left hand)
   (You found it on level 1 of the Lair of Beasts)
 s - the amulet "Wuug" (around neck) {RegenMP rElec rPois Int+3}
   (You found it on level 9 of the Dungeon)

   [amulet of magic regeneration]

   It increases your magic regeneration.
   It affects your intelligence (+3).
   It insulates you from electricity.
   It protects you from poison.
Wands
 v - a wand of digging (13)
   (You found it on level 11 of the Dungeon)
 y - a wand of iceblast (13)
   (You found it on level 10 of the Dungeon)
 M - a wand of paralysis (8)
   (You found it on level 6 of the Lair of Beasts)
Scrolls
 g - a scroll of vulnerability
 t - 5 scrolls of teleportation
 u - 2 scrolls of summoning
 x - 9 scrolls of remove curse
 z - a scroll of blinking
 B - 3 scrolls of immolation
 C - 2 scrolls of fog
 G - a scroll of magic mapping
 H - a scroll of silence
Potions
 h - 2 potions of haste
 l - 2 potions of flight
 n - a potion of resistance
 p - a potion of lignification
 q - 4 potions of curing
 w - 2 potions of heal wounds
 A - 4 potions of mutation
 I - a potion of cancellation
 K - 4 potions of berserk rage
Comestibles
 e - 25 rations


   Skills:
 + Level 10.5 Fighting
 * Level 16.2 Axes
 + Level 12.3 Armour
 + Level 12.3 Shields
 + Level 12.2 Invocations


You had 13 spell levels left.
You didn't know any spells.
Your spell library was empty.

Dungeon Overview and Level Annotations

Branches:
Dungeon (11/15)            Temple (1/1) D:7            Lair (6/6) D:11
  Swamp (0/4) Lair:2        Snake (2/4) Lair:4        Slime (0/5) Lair:6
  IceCv (1/1)
    Orc: D:9-12

Altars:
Ashenzari
Cheibriados
Dithmenos
Elyvilon
Fedhas
Gozag
Hepliaklqana
Kikubaaqudgha
Makhleb
Nemelex Xobeh
Okawaru
Qazlal
Ru
Trog
Uskayaw
Vehumet
Wu Jian
Xom
Yredelemnul
Zin
The Shining One

Shops:
D:4 (   D:5 [   D:7 (*   D:9 =?%(

Annotations:
D:10 1 runed translucent door, Heofips's ghost, novice GnCj
Lair:2 3 runed translucent doors, Esoasiq's ghost, journeyman DsGl
Lair:4 exclusion: oklob plant


Innate Abilities, Weirdness & Mutations

You are resistant to damage.
You can heal yourself by infusing magical energy.
You resist negative energy. (rN+)
You passively map the area around you.
You do not regenerate.
You have a pair of small antennae on your head.
You are partially covered in icy blue scales. (AC +2)
You are resistant to hostile enchantments. (MR+)


Message History

Your body is wracked with pain!
Found five items.
The Ice Fiend calls on the powers of darkness!
Your body is wracked with pain!
* * * LOW HITPOINT WARNING * * *
Found a potion of curing, a runed falchion and a runed battleaxe.
There is an open door here.
You are too injured to fight recklessly!
You are too injured to fight recklessly!
You feel much better. You block the Ice Fiend's attack. x2
You hit the Ice Fiend but do no damage.
You slice the Ice Fiend like a ripe choko!!!
The Ice Fiend is heavily wounded.
The Ice Fiend claws you. The Ice Fiend freezes you!!
* * * LOW HITPOINT WARNING * * *
The Ice Fiend claws you!
* * * LOW HITPOINT WARNING * * *
The Ice Fiend freezes you!!
You die...

### ####8####
#..@^...#
#.##1##.# #.#!)!#
#.#)⌠!# ##.#)?[#
##
####..#####.8###*
#...............
#+######'######
*{+.......+ *


You could see an Ice Fiend.

Vanquished Creatures
  Rupert (Lair:5)
  A naga warrior (Snake:2)
  2 hydras
  Harold (D:9)
  A merfolk avatar (Lair:6)
  2 two-headed ogres
  Erica (D:9)
  A shock serpent (Snake:2)
  2 sea snakes (Lair:6)
  An unseen horror (D:11)
  A harpy (Lair:6)
  An ugly thing (D:11)
  A mana viper (Snake:1)
  A salamander (Snake:2)
  A manticore (Lair:6)
  A cyclops (D:11)
  5 black mambas
  41 elephants
  Joseph (D:9)
  5 ice statues
  A guardian serpent (Snake:2)
  A gargoyle (D:11)
  17 spiny frogs
  13 komodo dragons
  5 rime drakes
  6 ice devils (IceCv)
  3 polar bears (Lair:6)
  3 hornets
  11 blink frogs
  A wind drake (Lair:6)
  2 slime creatures (Lair:6)
  5 hippogriffs
  A vampire (D:10)
  4 hogs (D:7)
  4 wyverns
  A basilisk (Lair:4)
  A human (D:7)
  30 yaks
  2 hungry ghosts
  5 vampire mosquitoes (Lair:2)
  A soldier ant (D:10)
  2 wargs (D:11)
  An acid dragon (D:10)
  3 nagas
  5 porcupines
  21 water moccasins
  A sky beast (D:9)
  3 orc warriors
  2 ice beasts (D:7)
  A black bear (D:7)
  A phantom (D:6)
  5 ogres
  2 necrophages
  5 centaurs
  13 crocodiles
  7 big kobolds
  11 bullfrogs
  2 wyvern skeletons
  5 scorpions
  3 wights (D:7)
  5 howler monkeys
  A bullfrog zombie (D:10)
  3 crimson imps
  A quasit (D:6)
  2 gnoll shamans
  6 jellies
  6 hounds
  5 orc priests
  2 bullfrog skeletons
  2 centaur skeletons
  5 iguanas
  16 orc wizards
  10 worker ants
  A hound zombie (D:11)
  A hound skeleton (D:11)
  3 worker ant zombies
  15 gnolls
  13 adders
  4 shadow imps
  An adder skeleton (D:10)
  2 adder zombies
  2 worms (D:2)
  3 dart slugs
  3 leopard geckos
  24 orcs
  3 bats
  4 giant cockroaches
  7 hobgoblins
  8 jackals
  44 kobolds
  2 quokkas
  6 frilled lizards
  6 goblins
  A jackal zombie (D:7)
  7 rats
  7 fungi
  2 plants
514 creatures vanquished.

Vanquished Creatures (collateral kills)
  A hydra (D:11)
1 creature vanquished.

Vanquished Creatures (others)
  A naga (Snake:2)
  4 fungi
  7 plants
12 creatures vanquished.

Grand Total: 527 creatures vanquished

Notes
Turn   | Place    | Note
-------+----------+-------------------------------------------
     0 | D:1      | Flugslaktarn the Deep Dwarf Fighter began the quest for the
                  | Orb.
     0 | D:1      | Reached XP level 1. HP: 20/20 MP: 1/1
    53 | D:1      | Reached XP level 2. HP: 27/27 MP: 2/2
   142 | D:2      | Reached skill level 3 in Axes
   142 | D:2      | Reached XP level 3. HP: 25/33 MP: 3/3
   448 | D:3      | Reached XP level 4. HP: 38/42 MP: 4/4
   795 | D:4      | Reached skill level 4 in Axes
   795 | D:4      | Reached XP level 5. HP: 30/49 MP: 4/4
   979 | D:4      | Reached XP level 6. HP: 50/56 MP: 5/5
  1122 | D:4      | Reached skill level 5 in Axes
  1317 | D:4      | Found Sitet's Weapon Boutique.
  1544 | D:4      | Found a glowing silver altar of Zin.
  1545 | D:4      | Noticed an angel
  1650 | D:5      | Entered Level 5 of the Dungeon
  1684 | D:5      | Reached XP level 7. HP: 58/64 MP: 6/6
  1959 | D:5      | Reached skill level 5 in Armour
  1959 | D:5      | Reached skill level 5 in Shields
  2140 | D:5      | Reached skill level 6 in Axes
  2208 | D:5      | Found Nuelomy's Armour Shop.
  2510 | D:5      | Found a glowing silver altar of Zin.
  2802 | D:6      | Found a shattered altar of Ashenzari.
  2804 | D:6      | Found a basalt altar of Yredelemnul.
  2869 | D:6      | Found a shimmering altar of Xom.
  3449 | D:6      | Reached XP level 8. HP: 71/73 MP: 7/7
  3512 | D:6      | Reached skill level 7 in Axes
  3560 | D:6      | Reached skill level 5 in Fighting
  3753 | D:7      | Found Ecosulisu's Weapon Emporium.
  3845 | D:7      | Reached skill level 8 in Axes
  3894 | D:7      | Found Kemiseh's Assorted Antiques.
  3940 | D:7      | Found a shimmering altar of Xom.
  3944 | D:7      | Gained mutation: You passively map the area around you.
                  | [Deep Dwarf growth]
  3944 | D:7      | Reached XP level 9. HP: 77/81 MP: 5/5
  4073 | D:7      | Found a staircase to the Ecumenical Temple.
  4272 | Temple   | Entered the Ecumenical Temple
  4359 | Temple   | Became a worshipper of Makhleb the Destroyer
  4629 | D:7      | Reached skill level 9 in Axes
  4629 | D:7      | Reached skill level 1 in Invocations
  4932 | D:5      | Bought the +0 kite shield "Zycis" {-Tele rCorr Str-3
                  | Slay+5} for 288 gold pieces
  5170 | D:5      | Reached * piety under Makhleb
  5526 | D:8      | Reached skill level 10 in Axes
  5582 | D:8      | Reached XP level 10. HP: 81/92 MP: 8/8
  5626 | D:8      | Noticed a two-headed ogre
  5642 | D:8      | Killed a two-headed ogre
  5938 | D:9      | Found Xesuxen's Jewellery Boutique.
  5955 | D:9      | Reached ** piety under Makhleb
  6003 | D:9      | Found Akhlov's Magic Scroll Shoppe.
  6030 | D:9      | Reached skill level 5 in Invocations
  6044 | D:9      | Bought a scroll of enchant weapon for 90 gold pieces
  6044 | D:9      | Bought a scroll of enchant weapon for 90 gold pieces
  6044 | D:9      | Bought a scroll of fog for 24 gold pieces
  6064 | D:9      | Noticed Erica
  6094 | D:9      | Killed Erica
  6094 | D:9      | Reached skill level 11 in Axes
  6148 | D:9      | Noticed Joseph
  6152 | D:9      | Noticed Harold
  6185 | D:9      | Killed Harold
  6187 | D:9      | Killed Joseph
  6187 | D:9      | Reached XP level 11. HP: 41/100 MP: 10/10
  6237 | D:9      | Found Tufif's Weapon Emporium.
  6292 | D:9      | Gained mutation: You are resistant to hostile enchantments.
                  | (MR+) [potion of mutation]
  6292 | D:9      | Gained mutation: You are partially covered in icy blue
                  | scales. (AC +2) [potion of mutation]
  6292 | D:9      | Gained mutation: You have a pair of small antennae on your
                  | head. [potion of mutation]
  6364 | D:9      | Got an ancient emerald amulet
  6431 | D:9      | Found Jax Uban's Food Shoppe.
  6559 | D:10     | Entered Level 10 of the Dungeon
  6614 | D:10     | Reached *** piety under Makhleb
  6649 | D:10     | Found a runed translucent door.
  6652 | D:10     | Noticed a two-headed ogre
  6653 | D:10     | Found a shimmering altar of Xom.
  6653 | D:10     | Noticed Heofips's ghost (novice GnCj)
  6653 | D:10     | Noticed a +1 trident of chaos
  6669 | D:10     | Killed a two-headed ogre
  7444 | D:11     | Found a staircase to the Lair.
  7500 | D:11     | Reached skill level 12 in Axes
  7509 | D:11     | Noticed a red ugly thing
  7531 | D:11     | Killed a red ugly thing
  7566 | D:11     | Identified the amulet "Wuug" {RegenMP rElec rPois Int+3}
                  | (You found it on level 9 of the Dungeon)
  7864 | D:11     | Found an opulent altar of Gozag.
  7922 | D:11     | Killed an unseen horror
  8182 | D:11     | Noticed a seven-headed hydra
  8189 | D:11     | Killed an eight-headed hydra
  8217 | Lair:1   | Entered Level 1 of the Lair of Beasts
  8915 | Lair:1   | Identified a scroll of acquirement
  9127 | Lair:1   | Reached XP level 12. HP: 76/110 MP: 9/9
  9323 | Lair:2   | Found a runed translucent gate.
  9324 | Lair:2   | Found a runed translucent gate.
  9324 | Lair:2   | Noticed Esoasiq's ghost (journeyman DsGl)
  9325 | Lair:2   | Found a runed translucent gate.
  9325 | Lair:2   | Noticed a death yak
  9400 | Lair:2   | Reached **** piety under Makhleb
  9400 | Lair:2   | Reached skill level 13 in Axes
  9457 | Lair:2   | Reached skill level 10 in Armour
  9671 | Lair:2   | Reached skill level 10 in Shields
  9904 | Lair:2   | Found a staircase to the Swamp.
 10154 | Lair:3   | Noticed a five-headed hydra
 10167 | Lair:3   | Killed a 15-headed hydra
 10805 | Lair:4   | Found a staircase to the Snake Pit.
 10865 | Lair:4   | Reached skill level 14 in Axes
 10871 | Lair:4   | Reached ***** piety under Makhleb
 10952 | Lair:4   | Reached XP level 13. HP: 118/121 MP: 10/10
 11046 | Lair:4   | Reached skill level 10 in Invocations
 11788 | Lair:5   | Noticed Rupert
 11814 | Lair:5   | Killed Rupert
 11874 | Lair:5   | Reached skill level 15 in Axes
 12777 | Lair:6   | Entered Level 6 of the Lair of Beasts
 12904 | Lair:6   | Found a staircase to the Slime Pits.
 12913 | Lair:6   | Reached skill level 10 in Fighting
 12922 | Lair:6   | Gained mutation: You resist negative energy. (rN+) [Deep
                  | Dwarf growth]
 12922 | Lair:6   | Reached XP level 14. HP: 126/132 MP: 9/9
 12984 | Lair:6   | Found a sacrificial altar of Ru.
 13356 | Lair:6   | Got a steaming tin ring
 13705 | Lair:6   | Paralysed by a hornet for 1 turns
 13815 | Lair:6   | Identified the ring of Somif {Fire rPois MP-9 Str+4} (You
                  | found it on level 6 of the Lair of Beasts)
 14061 | D:5      | Bought a +3 plate armour of magic resistance for 495 gold
                  | pieces
 14251 | Snake:1  | Entered Level 1 of the Snake Pit
 14256 | Snake:1  | Reached skill level 16 in Axes
 14421 | Snake:2  | Found a frozen archway.
 14492 | IceCv    | Entered an ice cave
 14505 | IceCv    | Reached ****** piety under Makhleb
 14637 | IceCv    | Noticed an Ice Fiend
 14644 | IceCv    | Mangled by an Ice Fiend

Illustrated notes

Levels and vault maps discovered:
D:1:      minmay_arrival_wavy_path, layout_rooms
D:2:      layout_loops_ring
D:3:      layout_basic, lemuel_crystal_altar
D:4:      layout_basic, zin_angel, serial_shops, kennysheep_mini, first_ration
D:5:      minmay_goblin_kobold_castle, layout_basic, serial_shops, shop,
          kennysheep_small_circle
D:6:      minmay_clustersquares, layout_basic, lemuel_round_altar, minitemple
D:7:      layout_gridville, minmay_temple_entry_mini_moons, serial_shops, shop,
          shop, grunt_livestock, xom_teletrap_fun
D:8:      layout_rooms
D:9:      layout_cave_pools, serial_shops, shop,
          nicolae_shop_temple_entry_statues_fountains, shop, shop, uniq_joseph,
          uniq_harold, uniq_erica
D:10:     layout_layer_cave, ebering_ghost_xom
D:11:     layout_roguey, erik_lair_orcish_takeover,
          nicolae_gozag_cash_rules_everything_around_me
Temple:   minmay_crystal_spiral_temple
Lair:1:   layout_layer_cave, nicolae_quartered_pool_medium
Lair:2:   layout_long_grid, minmay_swamp_entry_swarm, gammafunk_ghost_split
Lair:3:   layout_misc_corridors
Lair:4:   minmay_lair_oklob_tunnel, layout_regular_city, dummy_snake_entry,
          beast_lair_carwin_6, serial_bayou_shore_b, grunt_megastairs_5,
          infiniplex_staircase_pool
Lair:5:   layout_cave_pods, uniq_rupert
Lair:6:   gammafunk_lair_ancient_temple, layout_regular_city,
          minmay_slime_entry_pillars, basic_altar, st_stairs_11,
          infiniplex_staircase_pool_2
Snake:1:  layout_misc_corridors, grunt_ministairs_2, uniq_aizul
Snake:2:  gammafunk_its_a_trap, layout_layer_cave,
          portal_ice_cave_entry_ice_statue_two,
          nicolae_snake_serpentine_hallways, nicolae_snake_squiggles
IceCv:    ice_cave_tombish

Skill      XL: |  1  2  3  4  5  6  7  8  9 10 11 12 13 14 |
---------------+-------------------------------------------+-----
Axes           | 3 4 5 6 8 10 11 12 14 15 16 | 16.2
Fighting       | 3 4 5 6 7 8 9 10 | 10.5
Armour         | 4 5 6 7 8 9 10 11 12 | 12.3
Shields        | 4 5 6 7 8 9 10 11 12 | 12.3
Invocations    | 3 6 8 9 11 12 | 12.2

Action                   |  1- 3 |  4- 6 |  7- 9 | 10-12 | 13-15 || total
-------------------------+-------+-------+-------+-------+-------++-------
Melee: War axe           |   119 |   170 |   321 |       |       ||   610
       Hand axe          |       |       |   180 |   521 |       ||   701
       Broad axe         |       |       |       |   210 |   526 ||   736
Invok: Lesser Servant of |       |       |       |     2 |     4 ||     6
 Abil: Heal Wounds       |     1 |     8 |    11 |    28 |    29 ||    77
Evoke: Wand              |       |       |       |       |     1 ||     1
  Use: Scroll            |       |       |     9 |    15 |    13 ||    37
       Potion            |       |       |       |     2 |     1 ||     3
  Eat: Chunk             |       |     3 |    17 |    17 |     6 ||    43
       Ration            |       |       |     1 |     1 |     2 ||     4
Armor: Scale mail        |    71 |    58 |       |       |       ||   129
       Chain mail        |       |    26 |   125 |       |       ||   151
       Plate armour      |       |       |   196 |   429 |   413 ||  1038
Dodge: Dodged            |    41 |    60 |   100 |   134 |   125 ||   460
Block: Kite shield       |    87 |   133 |   332 |   385 |   359 ||  1296

Table legend:
 A = Non-vault XP
 B = Vault XP
 C = Vault XP percentage of total XP
 D = Non-vault monster count
 E = Vault monster count
 F = Vault count percentage of total count
                 A         B        C        D         E       F
            +---------+---------+-------+---------+---------+-------
      Total |   60801 |   28754 |  32.1 |     371 |     135 |  26.7
            +---------+---------+-------+---------+---------+-------
        D:1 |      18 |       0 |   0.0 |      10 |       0 |   0.0
        D:2 |      76 |       0 |   0.0 |      27 |       0 |   0.0
        D:3 |      40 |       0 |   0.0 |      10 |       0 |   0.0
        D:4 |     492 |       0 |   0.0 |      25 |       0 |   0.0
        D:5 |     381 |     654 |  63.2 |      14 |      46 |  76.7
        D:6 |     297 |     707 |  70.4 |      11 |      11 |  50.0
        D:7 |    1488 |     969 |  39.4 |      38 |       5 |  11.6
        D:8 |    1470 |       0 |   0.0 |      15 |       0 |   0.0
        D:9 |    2545 |    2337 |  47.9 |      23 |       3 |  11.5
       D:10 |    2959 |       0 |   0.0 |      31 |       0 |   0.0
       D:11 |    3959 |     543 |  12.1 |      20 |       7 |  25.9
     Lair:1 |    3780 |       0 |   0.0 |      16 |       0 |   0.0
     Lair:2 |    1911 |     899 |  32.0 |       9 |       5 |  35.7
     Lair:3 |    5398 |       0 |   0.0 |      20 |       0 |   0.0
     Lair:4 |   12113 |    3059 |  20.2 |      37 |      10 |  21.3
     Lair:5 |   10018 |    2900 |  22.4 |      27 |       1 |   3.6
     Lair:6 |    8987 |   12382 |  57.9 |      28 |      36 |  56.2
    Snake:1 |     750 |       0 |   0.0 |       2 |       0 |   0.0
    Snake:2 |    4119 |     941 |  18.6 |       8 |       2 |  20.0
      IceCv |       0 |    3363 | 100.0 |       0 |       9 | 100.0
            +---------+---------+-------+---------+---------+-------
